Map: Hielo y cromo EE

Players

MrFercho

  • Race: Zerg Zerg
  • League: Gold
  • Spawn Location: 7:00

DonMor - Winner!

  • Race: Protoss Protoss
  • League: Gold
  • Spawn Location: 1:00

VOD

Have the link to the VOD?

Description

Time

  • Played on: Aug. 19, 2020, 7:46 p.m.
  • Length: 10:21
Show
View Real Time Build Order
Export as new Build Order

MrFercho Zerg 

Build Orders: Hatch First 

Get SALT Encoding   

  12  0:00  Drone  
  13  0:16  Overlord  
  13  0:18  Drone  
  14  0:34  Drone x2  
  16  0:50  Hatchery  
  16  0:53  Drone  
  16  0:58  Drone  
  16  1:00  Drone  
  18  1:11  Extractor  
  18  1:18  Spawning Pool  
  16  1:20  Drone  
  16  1:23  Drone  
  18  1:34  Drone  
  19  1:50  Overlord  
  19  2:16  Queen x2  
  19  2:19  Overlord  
  19  2:20  Zergling x4  
  25  2:24  Drone x3  
  28  2:39  Overlord x2  
  28  3:08  Queen  
  28  3:12  Metabolic Boost  
  30  3:15  Drone x6  
  36  3:24  Spine Crawler  
  36  3:26  Spine Crawler  
  34  3:34  Zergling x4  
  31  3:45  Zergling x16  
  35  3:57  Zergling x4  
  35  4:09  Zergling x2  
  34  4:22  Drone x2  
  34  4:23  Drone x2  
  37  4:38  Drone x3  
  39  4:57  Extractor  
  38  5:02  Evolution Chamber  
  38  5:04  Roach Warren, Drone x3  
  40  5:07  Drone x2  
  40  5:09  Queen  
  43  5:17  Overlord x2  
  43  5:24  Drone  
  44  5:34  Queen  
  46  5:45  Drone x2  
  46  5:49  Lair  
  48  5:56  Overlord  
  48  5:59  Overlord  
  48  6:05  Drone  
  48  6:06  Drone x3  
  48  6:10  Zerg Missile Weapons Level 1  
  48  6:11  Extractor  
  51  6:23  Spine Crawler  
  51  6:27  Spine Crawler  
  50  6:33  Spore Crawler  
  44  6:46  Spore Crawler  
  40  6:50  Drone x3  
  40  6:51  Drone x2  
  39  6:55  Queen  
  41  7:01  Queen  
  41  7:03  Drone x2  
  41  7:04  Drone x2  
  47  7:10  Drone  
  48  7:23  Hydralisk Den  
  48  7:24  Overseer  
  48  7:25  Overlord x2  
  48  7:27  Drone x2  
  49  7:45  Drone x2  
  49  7:46  Drone x3  
  54  8:08  Muscular Augments  
  54  8:09  Hydralisk x3  
  59  8:21  Pneumatized Carapace  
  59  8:29  Overlord  
  59  8:30  Overlord x2, Hydralisk  
  59  8:31  Hydralisk  
  59  8:33  Zergling x6  
  66  8:40  Extractor  
  65  8:47  Drone x3  
  69  8:48  Drone  
  69  9:02  Hydralisk x3  
  69  9:07  Overlord  
  74  9:10  Drone x3  
  73  9:23  Hydralisk x4  
  81  9:35  Infestation Pit  
  80  9:39  Lurker Den  
  80  9:43  Hydralisk  
  81  9:46  Hatchery  
  74  10:03  Hatchery  
Show
View Real Time Build Order
Export as new Build Order

DonMor Protoss - Winner!

Build Orders:  

Get SALT Encoding   

  12  0:00  Probe  
  13  0:13  Probe  
  14  0:20  Pylon  
  14  0:25  Probe  
  15  0:38  Probe (Chrono Boost)  
  16  0:45  Gateway  
  17  0:50  Probe (Chrono Boost)  
  17  0:51  Assimilator  
  17  1:08  Probe  
  18  1:15  Assimilator  
  18  1:20  Probe  
  18  1:23  Gateway  
  19  1:32  Probe  
  20  1:34  Cybernetics Core  
  20  1:37  Pylon  
  20  1:44  Probe  
  21  1:56  Probe  
  22  2:11  Warp Gate  
  22  2:12  Stalker x2 (Chrono Boost)  
  26  2:33  Stalker x2 (Chrono Boost)  
  30  2:49  Nexus  
  30  2:56  Shield Battery  
  30  3:05  Pylon  
  30  3:21  Pylon  
  30  3:45  Probe  
  31  3:57  Probe  
  32  4:05  Probe  
  32  4:09  Stalker x2  
  38  4:10  Probe  
  38  4:16  Stargate  
  34  4:17  Probe  
  34  4:22  Probe  
  36  4:29  Probe  
  37  4:33  Stalker x2  
  37  4:34  Probe  
  42  4:41  Probe  
  39  4:46  Probe  
  40  4:55  Probe  
  40  4:59  Pylon  
  41  5:00  Stalker  
  41  5:03  Stalker  
  45  5:07  Oracle (Chrono Boost)  
  48  5:20  Stargate  
  48  5:24  Probe x2  
  48  5:27  Assimilator  
  50  5:29  Assimilator  
  50  5:30  Stalker x2  
  54  5:36  Probe x2  
  54  5:37  Oracle  
  59  5:48  Probe x2  
  61  6:15  Nexus  
  61  6:18  Void Ray x2, Pylon  
  65  6:20  Pylon  
  69  7:03  Stalker  
  69  7:04  Stalker  
  73  7:28  Probe x3  
  76  7:40  Void Ray x2, Probe x2  
  76  7:41  Probe  
  76  7:43  Robotics Facility  
  87  7:45  Robotics Facility  
  87  7:50  Stalker x2  
  91  7:52  Probe x2  
  91  7:53  Probe  
  94  8:04  Probe x2  
  94  8:05  Probe  
  97  8:08  Pylon  
  97  8:09  Pylon  
  97  8:11  Pylon  
  97  8:16  Forge  
  97  8:24  Probe x3  
  100  8:34  Shield Battery  
  100  8:35  Immortal x2  
  100  8:36  Probe  
  100  8:37  Shield Battery  
  100  8:39  Shield Battery  
  109  8:46  Stalker  
  109  8:47  Stalker  
  113  8:53  Oracle x2  
  119  8:58  Probe x3  
  119  9:02  Assimilator  
  122  9:07  Assimilator  
  122  9:10  Probe x3  
  125  9:29  Pylon  
  125  9:31  Pylon  
  125  9:35  Pylon  
  125  9:47  Observer x2  
  125  9:51  Pylon, Nexus  
  127  9:55  Pylon  
  127  9:57  Pylon  
Tags
 
League
GoldGold
Matchup
PvZ
Replay Pack
MrFercho
Spawn Locations
Cross Positions
Add a new tag
Caveats
  • Supply blocks, unpowered buildings, or Contaminate may cause inaccurate times.
  • Supply counts are checked every 10 seconds.